[ AOE2 MATCH · #493954912 ]
UnrankedIncas vs Dravidians
[ REPLAY ANALYSIS · EXTRACTED FROM THE RECORDED GAME ]
Feudal
9:45
Castle
26:51
Imperial
—
| APM avg | 52.4 |
| APM peak | 75 |
| eAPM avg | 29.1 |
| Villagers / military | 129 / 101 |
Focus
⚔️ 42.8% · 🌾 57.2%
Skirmisher ×39 · Kamayuk ×34 · Spearman ×13 · Battering Ram ×8 · Mangonel ×4 · Monk ×3
Feudal
9:17
Castle
25:08
Imperial
40:51
| APM avg | 56.3 |
| APM peak | 91 |
| eAPM avg | 29.7 |
| Villagers / military | 183 / 65 |
Focus
⚔️ 33.1% · 🌾 66.9%
Skirmisher ×27 · Archer ×12 · Mangonel ×7 · Militia ×6 · Scout Cavalry ×6 · Battle Elephant ×6
Match map
Initial resources + every placement click. Lines = walls · curves = elevation contours. ◆ gold · ⬟ stone · ● berries · ✦ relic · ◌ wall gap
Your base· Open — opponent sealed themselves in
zankoku sekai no akuma's base· ✓ Closed at 25:08 · 7t walls · no gate
Smoothed initial terrain · ◌ = detected wall gap · hover for details
Inputs per minute
— T90Official - - zankoku sekai no akuma
Build order — T90Official
First 150 of 373 actions detected
| 0:00 | Create | Villager (Male) |
| 0:01 | Build | House |
| 0:02 | Build | House |
| 0:08 | Create | Villager (Male) |
| 0:13 | Create | Villager (Male) |
| 0:19 | Create | Villager (Male) |
| 1:25 | Create | Villager (Male) |
| 1:51 | Build | Settlement |
| 1:59 | Create | Villager (Male) |
| 2:12 | Create | Villager (Male) |
| 2:46 | Create | Villager (Male) |
| 2:59 | Create | Villager (Male) |
| 3:32 | Create | Villager (Male) |
| 4:02 | Create | Villager (Male) |
| 4:09 | Create | Villager (Male) |
| 4:23 | Build | Settlement |
| 4:33 | Create | Villager (Male) |
| 5:30 | Create | Villager (Male) |
| 5:38 | Create | Villager (Male) |
| 6:06 | Research | Loom |
| 6:06 | Create | Villager (Male) |
| 6:54 | Create | Villager (Male) |
| 7:31 | Research | Feudal Age |
| 7:33 | Build | Barracks |
| 8:02 | Build | Palisade Wall |
| 8:03 | Build | Palisade Wall |
| 8:19 | Create | Villager (Male) |
| 8:26 | Create | Unit 2550 |
| 8:36 | Build | Outpost |
| 8:55 | Build | Palisade Wall |
| 8:55 | Build | Palisade Wall |
| 8:56 | Build | Palisade Wall |
| 8:57 | Build | Palisade Wall |
| 9:19 | Build | Palisade Wall |
| 9:20 | Build | Palisade Wall |
| 9:32 | Build | Palisade Wall |
| 9:33 | Build | Palisade Wall |
| 9:33 | Build | Palisade Wall |
| 9:34 | Build | Palisade Wall |
| 9:39 | Create | Villager (Male) |
| 9:45 | Age | Feudal Age |
| 9:47 | Create | Villager (Male) |
| 9:49 | Build | Archery Range |
| 9:56 | Research | Double-Bit Axe |
| 10:07 | Create | Villager (Male) |
| 10:15 | Create | Villager (Male) |
| 10:29 | Build | Settlement |
| 10:34 | Build | Palisade Wall |
| 10:35 | Build | Palisade Wall |
| 10:35 | Build | Palisade Wall |
| 10:37 | Create | Villager (Male) |
| 10:46 | Create | Skirmisher |
| 10:51 | Build | Palisade Wall |
| 10:52 | Build | Palisade Wall |
| 10:52 | Build | Palisade Wall |
| 10:53 | Build | Palisade Wall |
| 10:55 | Create | Skirmisher |
| 11:08 | Build | Farm |
| 11:17 | Build | Farm |
| 11:21 | Build | Palisade Wall |
| 11:25 | Build | Farm |
| 11:34 | Build | Farm |
| 11:36 | Create | Skirmisher |
| 11:36 | Create | Skirmisher |
| 11:55 | Build | Palisade Wall |
| 12:01 | Create | Skirmisher |
| 12:01 | Create | Skirmisher |
| 12:19 | Create | Villager (Male) |
| 12:24 | Create | Villager (Male) |
| 12:26 | Build | Archery Range |
| 12:44 | Build | Farm |
| 12:49 | Create | Skirmisher |
| 12:52 | Create | Villager (Male) |
| 13:01 | Create | Villager (Male) |
| 13:03 | Build | Farm |
| 13:09 | Create | Skirmisher |
| 13:21 | Create | Skirmisher |
| 13:21 | Create | Skirmisher |
| 13:25 | Build | Farm |
| 13:31 | Create | Skirmisher |
| 13:31 | Create | Skirmisher |
| 13:32 | Create | Villager (Male) |
| 13:41 | Create | Skirmisher |
| 13:52 | Create | Villager (Male) |
| 13:58 | Build | Farm |
| 14:03 | Create | Skirmisher |
| 14:03 | Create | Skirmisher |
| 14:16 | Create | Skirmisher |
| 14:16 | Create | Skirmisher |
| 14:25 | Build | Farm |
| 14:26 | Create | Villager (Male) |
| 14:28 | Create | Skirmisher |
| 14:28 | Create | Skirmisher |
| 14:32 | Build | Outpost |
| 14:43 | Create | Skirmisher |
| 14:59 | Create | Villager (Male) |
| 15:09 | Build | Blacksmith |
| 15:17 | Create | Villager (Male) |
| 15:27 | Create | Villager (Male) |
| 15:30 | Create | Villager (Male) |
| 15:37 | Create | Villager (Male) |
| 15:41 | Build | Farm |
| 15:43 | Create | Skirmisher |
| 15:48 | Research | Fletching |
| 15:56 | Build | Farm |
| 16:00 | Build | House |
| 16:04 | Create | Skirmisher |
| 16:05 | Create | Skirmisher |
| 16:12 | Build | Outpost |
| 16:22 | Create | Skirmisher |
| 16:23 | Create | Skirmisher |
| 16:32 | Create | Villager (Male) |
| 16:34 | Build | Farm |
| 16:45 | Research | Padded Archer Armor |
| 16:47 | Create | Villager (Male) |
| 16:48 | Build | Farm |
| 16:53 | Create | Villager (Male) |
| 16:54 | Create | Skirmisher |
| 16:58 | Build | Farm |
| 17:03 | Create | Skirmisher |
| 17:11 | Create | Skirmisher |
| 17:19 | Build | Farm |
| 17:25 | Create | Villager (Male) |
| 17:26 | Create | Villager (Male) |
| 17:30 | Build | Watch Tower |
| 17:37 | Create | Skirmisher |
| 17:37 | Create | Skirmisher |
| 17:43 | Build | Farm |
| 17:51 | Create | Skirmisher |
| 17:52 | Create | Villager (Male) |
| 18:03 | Create | Villager (Male) |
| 18:24 | Build | Settlement |
| 19:09 | Build | Watch Tower |
| 19:10 | Create | Villager (Male) |
| 19:10 | Create | Skirmisher |
| 19:11 | Create | Skirmisher |
| 19:28 | Build | Market |
| 19:29 | Create | Villager (Male) |
| 19:31 | Create | Skirmisher |
| 19:31 | Create | Skirmisher |
| 19:34 | Build | House |
| 19:35 | Build | Palisade Wall |
| 19:50 | Create | Villager (Male) |
| 19:51 | Create | Skirmisher |
| 19:51 | Create | Skirmisher |
| 20:02 | Create | Villager (Male) |
| 20:10 | Create | Villager (Male) |
| 20:18 | Create | Villager (Male) |
| 20:21 | Build | Farm |
| 20:24 | Create | Spearman |
Build order — zankoku sekai no akuma
First 150 of 446 actions detected
| 0:00 | Create | Villager (Male) |
| 0:02 | Build | House |
| 0:04 | Build | House |
| 0:11 | Create | Villager (Male) |
| 0:12 | Create | Villager (Male) |
| 0:12 | Create | Villager (Male) |
| 0:12 | Create | Villager (Male) |
| 1:30 | Create | Villager (Male) |
| 1:30 | Create | Villager (Male) |
| 1:44 | Build | Mill |
| 2:02 | Create | Villager (Male) |
| 2:02 | Create | Villager (Male) |
| 2:20 | Create | Villager (Male) |
| 2:21 | Create | Villager (Male) |
| 2:50 | Create | Villager (Male) |
| 3:14 | Create | Villager (Male) |
| 3:36 | Create | Villager (Male) |
| 3:54 | Build | House |
| 3:55 | Build | House |
| 3:59 | Create | Villager (Male) |
| 4:28 | Create | Villager (Male) |
| 4:49 | Create | Villager (Male) |
| 5:04 | Create | Villager (Male) |
| 5:12 | Create | Villager (Male) |
| 5:27 | Create | Villager (Male) |
| 5:34 | Create | Villager (Male) |
| 5:50 | Build | Lumber Camp |
| 6:33 | Research | Loom |
| 7:07 | Research | Feudal Age |
| 7:08 | Research | Feudal Age |
| 7:31 | Build | Barracks |
| 7:52 | Build | Mining Camp |
| 8:14 | Create | Villager (Male) |
| 8:20 | Build | Mill |
| 8:27 | Create | Militia |
| 8:27 | Create | Militia |
| 8:51 | Create | Militia |
| 8:57 | Build | Palisade Wall |
| 8:58 | Build | Palisade Wall |
| 9:17 | Age | Feudal Age |
| 9:20 | Build | House |
| 9:23 | Research | Man-at-Arms (upgrade) |
| 9:29 | Build | Archery Range |
| 9:31 | Create | Villager (Male) |
| 9:45 | Build | House |
| 9:59 | Create | Militia |
| 10:10 | Create | Villager (Male) |
| 10:20 | Build | House |
| 10:22 | Create | Archer |
| 10:39 | Create | Villager (Male) |
| 10:46 | Create | Villager (Male) |
| 10:48 | Build | House |
| 10:55 | Create | Villager (Male) |
| 11:09 | Create | Archer |
| 11:18 | Build | House |
| 11:23 | Research | Double-Bit Axe |
| 11:28 | Create | Archer |
| 11:50 | Create | Archer |
| 11:52 | Create | Villager (Male) |
| 11:57 | Build | Farm |
| 12:07 | Create | Villager (Male) |
| 12:14 | Build | Farm |
| 12:17 | Build | Farm |
| 12:23 | Create | Archer |
| 12:23 | Create | Archer |
| 12:25 | Create | Militia |
| 12:42 | Create | Villager (Male) |
| 12:59 | Build | Blacksmith |
| 13:01 | Create | Archer |
| 13:02 | Create | Villager (Male) |
| 13:07 | Create | Militia |
| 13:11 | Build | Farm |
| 13:29 | Create | Villager (Male) |
| 13:34 | Build | Farm |
| 13:40 | Build | Farm |
| 13:43 | Create | Archer |
| 13:50 | Build | House |
| 13:51 | Research | Fletching |
| 14:13 | Create | Villager (Male) |
| 14:14 | Build | Farm |
| 14:18 | Build | Farm |
| 14:30 | Build | House |
| 14:35 | Create | Villager (Male) |
| 14:39 | Create | Archer |
| 14:40 | Build | Farm |
| 14:58 | Create | Villager (Male) |
| 15:03 | Build | Farm |
| 15:13 | Create | Archer |
| 15:19 | Build | House |
| 15:22 | Build | Farm |
| 15:23 | Create | Villager (Male) |
| 15:30 | Create | Villager (Male) |
| 15:38 | Build | Farm |
| 16:04 | Build | Palisade Wall |
| 16:12 | Create | Villager (Male) |
| 16:15 | Build | Farm |
| 16:21 | Build | House |
| 16:23 | Build | House |
| 16:46 | Create | Villager (Male) |
| 16:59 | Build | Stable |
| 17:02 | Create | Villager (Male) |
| 17:21 | Create | Archer |
| 17:29 | Create | Villager (Male) |
| 17:33 | Build | Farm |
| 17:36 | Research | Horse Collar |
| 17:36 | Research | Horse Collar |
| 17:38 | Create | Villager (Male) |
| 17:53 | Create | Scout Cavalry |
| 17:54 | Create | Scout Cavalry |
| 17:54 | Create | Scout Cavalry |
| 17:55 | Create | Archer |
| 17:58 | Create | Villager (Male) |
| 18:08 | Build | Lumber Camp |
| 18:25 | Create | Villager (Male) |
| 18:31 | Build | Lumber Camp |
| 18:37 | Research | Wheelbarrow |
| 18:38 | Create | Scout Cavalry |
| 18:38 | Create | Scout Cavalry |
| 18:41 | Research | Forging |
| 18:45 | Build | Farm |
| 19:24 | Create | Villager (Male) |
| 19:28 | Create | Scout Cavalry |
| 19:33 | Build | Mill |
| 19:34 | Build | Farm |
| 19:34 | Build | Farm |
| 19:37 | Build | Farm |
| 19:45 | Build | Farm |
| 20:00 | Build | House |
| 20:02 | Build | House |
| 20:03 | Build | House |
| 20:04 | Build | House |
| 20:06 | Build | House |
| 20:14 | Create | Villager (Male) |
| 20:31 | Build | Farm |
| 20:32 | Create | Villager (Male) |
| 20:43 | Build | Farm |
| 20:44 | Create | Villager (Male) |
| 20:50 | Build | Farm |
| 20:51 | Build | Farm |
| 20:56 | Create | Villager (Male) |
| 21:21 | Build | Farm |
| 21:34 | Build | Farm |
| 21:36 | Build | Farm |
| 21:42 | Build | House |
| 21:59 | Build | Farm |
| 22:04 | Build | Farm |
| 22:05 | Build | Farm |
| 22:13 | Build | Farm |
| 22:28 | Research | Castle Age |
| 22:28 | Research | Castle Age |
Match timeline
| 7:31 | zankoku sekai no akuma · first_building Barracks |
| 7:33 | T90Official · first_building Barracks |
| 8:02 | T90Official · wall_segment Palisade Wall x1 |
| 8:03 | T90Official · wall_segment Palisade Wall x1 |
| 8:55 | T90Official · wall_segment Palisade Wall x1 |
| 8:55 | T90Official · wall_segment Palisade Wall x1 |
| 8:56 | T90Official · wall_segment Palisade Wall x1 |
| 8:57 | T90Official · wall_segment Palisade Wall x1 |
| 8:57 | zankoku sekai no akuma · wall_segment Palisade Wall x1 |
| 8:58 | zankoku sekai no akuma · wall_segment Palisade Wall x1 |
| 9:17 | zankoku sekai no akuma · age_up feudal |
| 9:19 | T90Official · wall_segment Palisade Wall x1 |
| 9:20 | T90Official · wall_segment Palisade Wall x1 |
| 9:29 | zankoku sekai no akuma · first_building Archery Range |
| 9:32 | T90Official · wall_segment Palisade Wall x1 |
| 9:33 | T90Official · wall_segment Palisade Wall x1 |
| 9:33 | T90Official · wall_segment Palisade Wall x1 |
| 9:34 | T90Official · wall_segment Palisade Wall x1 |
| 9:45 | T90Official · age_up feudal |
| 9:49 | T90Official · first_building Archery Range |
| 10:34 | T90Official · wall_segment Palisade Wall x1 |
| 10:35 | T90Official · wall_segment Palisade Wall x1 |
| 10:35 | T90Official · wall_segment Palisade Wall x1 |
| 10:51 | T90Official · wall_segment Palisade Wall x1 |
| 10:52 | T90Official · wall_segment Palisade Wall x1 |
| 10:52 | T90Official · wall_segment Palisade Wall x1 |
| 10:53 | T90Official · wall_segment Palisade Wall x1 |
| 11:21 | T90Official · wall_segment Palisade Wall x1 |
| 11:55 | T90Official · wall_segment Palisade Wall x1 |
| 16:04 | zankoku sekai no akuma · wall_segment Palisade Wall x5 |
| 16:59 | zankoku sekai no akuma · first_building Stable |
| 19:35 | T90Official · wall_segment Palisade Wall x1 |
| 21:23 | T90Official · wall_segment Palisade Wall x1 |
| 23:08 | T90Official · wall_segment Palisade Wall x1 |
| 23:19 | T90Official · first_market_sell 500 wood |
| 23:44 | T90Official · wall_segment Palisade Wall x4 |
| 24:26 | T90Official · wall_segment Palisade Wall x1 |
| 24:55 | T90Official · wall_segment Palisade Wall x1 |
| 25:08 | zankoku sekai no akuma · age_up castle |
| 25:14 | zankoku sekai no akuma · first_building Siege Workshop |
| 25:29 | zankoku sekai no akuma · first_market_buy 100 stone |
| 25:32 | T90Official · wall_segment Palisade Wall x1 |
| 25:33 | T90Official · wall_segment Palisade Wall x4 |
| 25:41 | T90Official · first_market_buy 100 wood |
| 25:48 | zankoku sekai no akuma · first_market_sell 100 food |
| 26:51 | T90Official · age_up castle |
| 28:57 | T90Official · first_building Monastery |
| 29:17 | T90Official · first_building Siege Workshop |
| 31:21 | T90Official · first_building Castle |
| 31:44 | zankoku sekai no akuma · first_building Monastery |
| 34:17 | zankoku sekai no akuma · first_building Castle |
| 40:51 | zankoku sekai no akuma · age_up imperial |
| 44:20 | zankoku sekai no akuma · resign |
[ AI ANALYSIS · 1 CREDIT ]
What really happened in this match?
Wolo.gg analyzes every decision: build order, eco, micro, common mistakes by bracket. Personalized analysis on WhatsApp or Discord in 30 seconds.
Civ guide
Incas
Perfil
T90